 Dungeon Crawl Stone Soup version 0.31.0-11-ge490571c62 (webtiles) character file.

Game seed: 6801124238534812785

369 qw the Skirmisher (level 6, -1/35 HPs)
             Began as a Deep Elf Hunter on Feb 4, 2024.
             Slain by an orc
             ... wielding a +0 war axe
              (5 damage)
             ... on level 5 of the Dungeon.
             The game lasted 00:00:13 (2890 turns).

qw the Skirmisher (Deep Elf Hunter)                 Turns: 2890, Time: 00:00:13

Health: -1/35      AC:  7    Str: 16    XL:     6   Next: 41%
Magic:  8/8        EV: 12    Int: 14    God:
Gold:   159        SH:  0    Dex: 18    Spells: 5/5 levels left

rFire   . . .        a - +2 shortbow (drain)
rCold   . . .        (shield currently unavailable)
rNeg    . . .        h - +1 ring mail
rPois   .            (no helmet)
rElec   .            (no cloak)
rCorr   .            l - +0 pair of gloves
SInv    .            (no boots)
Will    +....        (no amulet)
Stlth   +            e - ring of willpower
HPRegen 0.25/turn    j - +6 ring of strength
MPRegen 0.11/turn

%: no passive effects
@: no status effects
A: no striking features
a: no special abilities


You were on level 5 of the Dungeon.
You visited 1 branch of the dungeon, and saw 5 of its levels.

You collected 204 gold pieces.
You spent 45 gold pieces at shops.


   Skills:
 - Level 2.0 Fighting
 + Level 9.8 Ranged Weapons
 - Level 3.0 Dodging
 - Level 1.2 Stealth


You had 5 spell levels left.
You didn't know any spells.
Your spell library was empty.

Inventory:

Hand Weapons
 a - a +2 shortbow of draining (weapon)
Armour
 h - a +1 ring mail (worn)
 l - a +0 pair of gloves (worn)
Jewellery
 e - a ring of willpower (left hand)
 j - a +6 ring of strength (right hand)
Wands
 m - a wand of flame (12)
Potions
 b - a potion of haste
 d - a potion of mutation
 f - a potion of cancellation
 g - a potion of might
 i - a potion of curing {unknown}
 k - a potion of enlightenment {unknown}

Dungeon Overview and Level Annotations

Branches:
Dungeon (5/15)
 Temple: D:4-7

Altars:
Sif Muna
Trog

Shops:
D:3 [


Message History

You climb upwards.
There is a stone staircase leading down here.
You shoot an arrow. The arrow closely misses the hound.
The hound bites you.
You shoot an arrow. The arrow closely misses the hound.
The hound barely misses you. The hound bites you but does no damage.
You shoot an arrow. The arrow hits the hound!
You drain the hound.
The hound is severely wounded.
The hound barely misses you.
You shoot an arrow. The arrow hits the hound.
You drain the hound.
You kill the hound!
Your Dodging skill increases to level 3!
You climb downwards.
The hound bites you but does no damage. The hound barely misses you.
The orc hits you with a +0 war axe!
There is a stone staircase leading up, spattered with blood here.
You shoot an arrow. The arrow hits the hound.
The hound is lightly wounded.
The hound bites you. x2; The orc barely misses you.
You shoot an arrow. The arrow hits the hound.
You drain the hound.
The hound is heavily wounded.
The hound closely misses you. The orc hits you with a +0 war axe.
You shoot an arrow. The arrow closely misses the hound.
The hound barely misses you. The hound closely misses you.
The orc hits you with a +0 war axe.
You shoot an arrow. The arrow closely misses the hound.
The hound bites you. The orc closely misses you. The hound bites you.
You shoot an arrow. The arrow hits the hound.
The hound is almost dead.
The hound closely misses you. The orc closely misses you.
The hound bites you but does no damage.
You shoot an arrow. The arrow hits the hound.
You kill the hound!
The orc hits you with a +0 war axe.
You shoot an arrow. The arrow hits the orc.
The orc is heavily wounded.
The orc hits you with a +0 war axe!
You shoot an arrow. The arrow barely misses the orc.
An orc comes into view. It is wielding a +0 hand axe.
The orc hits you with a +0 war axe.
You die...

.# .. .## ..
# ... #.#
#...##..#
.#....####
.........
##.....# #.@#
#.o......#
.....####....
#o..... ..
#..#### ##


You could see 2 orcs.

Vanquished Creatures
  A scorpion (D:4)
  A wight (D:4)
  2 hounds
  A bombardier beetle (D:4)
  5 adders
  A gnoll (D:4)
  2 dart slugs
  3 ribbon worms
  13 orcs
  9 bats
  7 endoplasms
  7 giant cockroaches
  3 hobgoblins
  2 jackals (D:3)
  9 kobolds
  5 quokkas
  8 ball pythons
  6 frilled lizards
  6 goblins
  8 rats
99 creatures vanquished.

Notes
Turn   | Place    | Note
-------+----------+-------------------------------------------
     0 | D:1      | qw the Deep Elf Hunter began the quest for the Orb.
     0 | D:1      | Reached XP level 1. HP: 12/12 MP: 3/3
     0 | D:1      | 0 ||| qw: Version: 0.3-a-160-g6735b56
     0 | D:1      | 0 ||| qw: Game counter: 5561
     0 | D:1      | 0 ||| qw: Melee chars always use a shield: true
     0 | D:1      | 0 ||| qw: God list: Okawaru
     0 | D:1      | 0 ||| qw: Allow faded altars: false
     0 | D:1      | 0 ||| qw: Do Orc after clearing Dungeon:15 true
     0 | D:1      | 0 ||| qw: Do second Lair branch before Depths: true
     0 | D:1      | 0 ||| qw: Lair rune preference: random
     0 | D:1      | 0 ||| qw: Goals: Normal
     0 | D:1      | 0 ||| PLANNING D:1-11
   106 | D:1      | Reached XP level 2. HP: 16/16 MP: 4/4
   123 | D:1      | Reached skill level 6 in Ranged Weapons
   141 | D:1      | You fall into a shaft and drop 1 floor!
   213 | D:2      | 213 ||| UPGRADING to +0 ring mail.
   223 | D:2      | 223 ||| DROPPING +0 leather armour.
   224 | D:2      | 224 ||| UPGRADING to ring of willpower.
   225 | D:2      | 225 ||| READING scroll labelled FULOGE OSTRUE.
   326 | D:2      | 326 ||| READING scroll labelled XAPSYPOIMU.
   427 | D:2      | 427 ||| READING 2 scrolls labelled QIREZA DIMI.
   427 | D:2      | 427 ||| IDENTIFYING orange potion
   428 | D:2      | 428 ||| READING scroll of identify.
   428 | D:2      | 428 ||| IDENTIFYING scroll labelled XORORGH NIPYXT
   429 | D:2      | 429 ||| READING scroll of enchant weapon.
   429 | D:2      | 429 ||| ENCHANTING +0 shortbow.
   430 | D:2      | 430 ||| READING scroll labelled CYCSER RITEM.
   430 | D:2      | 430 ||| ENCHANTING +0 ring mail.
   431 | D:2      | 431 ||| DROPPING scroll of butterflies.
   432 | D:2      | 432 ||| DROPPING potion of brilliance.
   671 | D:1      | Found a faded altar of an unknown god.
  1027 | D:1      | 1027 ||| DRINKING 2 bubbling golden potions.
  1028 | D:1      | 1028 ||| DROPPING potion of magic.
  1154 | D:2      | Found a shimmering blue altar of Sif Muna.
  1199 | D:2      | Reached XP level 3. HP: 20/20 MP: 5/5
  1227 | D:2      | Reached skill level 7 in Ranged Weapons
  1270 | D:2      | 1270 ||| FLEEEEING.
  1271 | D:2      | 1271 ||| FLEEEEING.
  1272 | D:2      | 1272 ||| FLEEEEING.
  1273 | D:2      | 1273 ||| FLEEEEING.
  1275 | D:2      | 1275 ||| FLEEEEING.
  1276 | D:2      | 1276 ||| FLEEEEING.
  1353 | D:2      | Reached XP level 4. HP: 21/25 MP: 6/6
  1490 | D:2      | 1490 ||| READING scroll labelled DIUNEL TIECWED.
  1490 | D:2      | 1490 ||| BRANDING +1 shortbow.
  1491 | D:2      | 1491 ||| READING scroll labelled ATWICS LIELUPI.
  1510 | D:3      | 1510 ||| STAIRDANCE
  1534 | D:3      | 1534 ||| STAIRDANCE
  1551 | D:3      | 1551 ||| STAIRDANCE
  1718 | D:3      | Identified the +2 falchion of Blood {freeze, rElec Will+}
  1724 | D:3      | 1724 ||| READING 4 scrolls of identify.
  1724 | D:3      | 1724 ||| IDENTIFYING viscous ruby potion
  1856 | D:3      | Reached skill level 8 in Ranged Weapons
  2182 | D:3      | Found Wocauvie's Armour Shoppe.
  2185 | D:3      | 2185 ||| BUYING +0 pair of gloves (45 gold).
  2185 | D:3      | Bought a +0 pair of gloves for 45 gold pieces
  2185 | D:3      | 2185 ||| SHOPLISTING +3 leather armour of cold resistance
                  | (240 gold, have 119).
  2248 | D:3      | 2248 ||| UPGRADING to +0 pair of gloves.
  2253 | D:3      | 2253 ||| READING 4 scrolls of identify.
  2253 | D:3      | 2253 ||| IDENTIFYING fuming puce potion
  2254 | D:3      | 2254 ||| READING 3 scrolls of identify.
  2254 | D:3      | 2254 ||| IDENTIFYING bubbling coppery potion
  2255 | D:3      | 2255 ||| READING 2 scrolls of identify.
  2255 | D:3      | 2255 ||| IDENTIFYING silvery potion
  2256 | D:3      | 2256 ||| READING scroll of identify.
  2256 | D:3      | 2256 ||| IDENTIFYING blue potion
  2257 | D:3      | 2257 ||| DRINKING 2 grey potions.
  2277 | D:3      | 2277 ||| DROPPING potion of degeneration.
  2278 | D:3      | 2278 ||| DROPPING potion of berserk rage.
  2279 | D:3      | 2279 ||| DROPPING potion of lignification.
  2310 | D:4      | Reached XP level 5. HP: 29/29 MP: 7/7
  2348 | D:4      | 2348 ||| FLEEEEING.
  2349 | D:4      | 2349 ||| FLEEEEING.
  2448 | D:4      | Found a bloodstained altar of Trog.
  2533 | D:4      | Reached skill level 9 in Ranged Weapons
  2563 | D:4      | 2563 ||| READING scroll of enchant weapon.
  2563 | D:4      | 2563 ||| ENCHANTING +1 shortbow of draining.
  2676 | D:4      | Reached XP level 6. HP: 31/35 MP: 8/8
  2857 | D:4      | 2857 ||| UPGRADING to +6 ring of strength.
  2858 | D:4      | 2858 ||| READING scroll of identify.
  2858 | D:4      | 2858 ||| IDENTIFYING coppery potion
  2859 | D:4      | 2859 ||| READING scroll labelled ALAKLU FETHE.
  2860 | D:4      | 2860 ||| READING scroll labelled FOLLOCSIEGI.
  2870 | D:5      | Entered Level 5 of the Dungeon
  2871 | D:5      | 2871 ||| STAIRDANCE
  2875 | D:5      | 2875 ||| STAIRDANCE
  2881 | D:4      | Reached skill level 3 in Dodging
  2889 | D:5      | HP: 3/35 [orc/+0 war axe (8)]
  2890 | D:5      | Slain by an orc

Levels and vault maps discovered:
D:1:      lemuel_arrival_lava_pool, layout_loops_cross,
          hellmonk_ecumenical_altar_inner_sanctum
D:2:      layout_basic, basic_altar, glass_columns_c
D:3:      minmay_inner_zag, layout_loops_ring, serial_shops,
          nicolae_shop_real_fake_doors, minmay_misc_feat_hallway,
          kennysheep_crisscross
D:4:      layout_basic, trog_butcher_becter, minmay_manual_moon
D:5:      cheibrodos_quashed, layout_rooms, bloody_makhleb,
          mainiacjoe_overflow_catch_the_wave, serial_shops,
          nicolae_shop_getting_attention

Skill      XL: |  1  2  3  4  5  6 |
---------------+-------------------+-----
Ranged Weapons | 6 7 8 9 |  9.8
Fighting       | 2 |  2.0
Dodging        | 3 |  3.0
Stealth        | |  1.2

Action                     |  1- 3 |  4- 6 || total
---------------------------+-------+-------++-------
   Fire: Shortbow          |   110 |   144 ||   254
    Use: Scroll            |     6 |    11 ||    17
         Potion            |     1 |     1 ||     2
 Armour: Ring mail         |    15 |    52 ||    67
         Leather armour    |     2 |       ||     2
  Dodge: Dodged            |    14 |    47 ||    61

Table legend:
 A = Non-vault XP
 B = Vault XP
 C = Vault XP percentage of total XP
 D = Non-vault monster count
 E = Vault monster count
 F = Vault count percentage of total count
                 A         B        C        D         E       F
            +---------+---------+-------+---------+---------+-------
      Total |     420 |     108 |  20.5 |      85 |      14 |  14.1
            +---------+---------+-------+---------+---------+-------
        D:1 |      32 |       0 |   0.0 |      21 |       0 |   0.0
        D:2 |      84 |       0 |   0.0 |      24 |       0 |   0.0
        D:3 |      45 |      13 |  22.4 |      22 |       6 |  21.4
        D:4 |     216 |      95 |  30.5 |      17 |       8 |  32.0
        D:5 |      43 |       0 |   0.0 |       1 |       0 |   0.0
            +---------+---------+-------+---------+---------+-------
